Map: [ESL] Royal Blood

Players

Scarlett - Winner!

  • Race: Zerg Zerg
  • Spawn Location: 1:00

eGGz

  • Race: Zerg Zerg
  • Spawn Location: 7:00

Event: ESL SC2 Masters 2023 Summer (Regionals)

VOD

Have the link to the VOD?

Description

Time

  • Played on: May 9, 2023, 2:48 p.m.
  • Length: 6:48

All games in this series

Show
View Real Time Build Order
Export as new Build Order

Scarlett Zerg - Winner!

Build Orders: Hatch First 

Get SALT Encoding   

  12  0:01  Drone  
  13  0:12  Overlord  
  13  0:17  Drone  
  14  0:30  Drone x2  
  16  0:46  Hatchery  
  15  0:50  Drone  
  15  0:54  Drone  
  17  0:57  Drone  
  18  1:08  Extractor  
  17  1:12  Spawning Pool  
  17  1:15  Drone  
  17  1:18  Drone  
  18  1:28  Drone  
  19  1:38  Drone  
  20  1:50  Drone  
  21  1:58  Drone  
  21  1:59  Queen x2  
  21  2:01  Overlord  
  26  2:10  Drone  
  26  2:12  Drone  
  28  2:20  Drone  
  28  2:21  Drone  
  30  2:32  Hatchery  
  30  2:34  Drone  
  30  2:37  Zergling x2  
  30  2:43  Queen  
  33  2:47  Overlord  
  33  2:52  Drone x2  
  33  2:55  Drone  
  36  3:07  Drone x7  
  36  3:12  Overlord  
  43  3:15  Drone  
  44  3:23  Lair  
  44  3:25  Extractor  
  43  3:28  Evolution Chamber  
  43  3:30  Extractor  
  43  3:33  Roach Warren  
  40  3:34  Drone x3  
  40  3:37  Extractor  
  40  3:41  Drone x4  
  46  3:50  Drone x6  
  52  3:59  Overlord  
  52  4:00  Zerg Missile Weapons Level 1  
  52  4:08  Drone x3  
  55  4:10  Overlord x2  
  55  4:13  Roach  
  57  4:21  Roach x3  
  57  4:23  Glial Reconstitution  
  63  4:30  Roach x3  
  69  4:31  Overseer  
  69  4:42  Roach x4  
  76  4:52  Overlord  
  76  4:53  Overlord x2  
  76  5:06  Roach  
  76  5:07  Roach  
  80  5:12  Roach x8  
  96  5:18  Roach x2  
  96  5:20  Roach  
  102  5:23  Roach  
  102  5:24  Overlord  
  104  5:36  Overlord x2  
  104  5:47  Roach x4  
  112  5:52  Overlord x2  
  112  5:54  Roach  
  114  5:59  Roach x5  
  114  6:03  Roach x2  
  128  6:11  Roach x3  
  134  6:16  Roach x2  
  137  6:29  Roach x6  
Show
View Real Time Build Order
Export as new Build Order

eGGz Zerg 

Build Orders: Hatch First 

Get SALT Encoding   

  12  0:00  Drone  
  13  0:12  Overlord  
  13  0:17  Drone  
  14  0:32  Drone x2  
  16  0:42  Drone  
  17  0:52  Hatchery  
  17  0:55  Drone  
  17  0:59  Extractor  
  17  1:01  Drone  
  17  1:15  Spawning Pool  
  17  1:17  Drone  
  17  1:21  Drone  
  18  1:28  Drone  
  19  1:40  Drone  
  20  1:54  Drone  
  22  2:01  Drone  
  22  2:04  Queen  
  22  2:06  Zergling x2  
  22  2:07  Queen  
  27  2:11  Drone  
  28  2:15  Overlord  
  28  2:35  Drone x3  
  31  2:38  Drone  
  31  2:39  Evolution Chamber  
  31  2:48  Drone x2  
  33  2:55  Extractor  
  33  2:56  Drone  
  33  2:57  Roach Warren  
  33  2:58  Drone  
  33  3:04  Queen  
  35  3:05  Zerg Ground Armor Level 1  
  35  3:06  Drone  
  35  3:10  Overlord  
  36  3:13  Overlord  
  36  3:23  Metabolic Boost  
  36  3:29  Hatchery  
  36  3:31  Drone  
  36  3:35  Drone  
  36  3:36  Drone  
  38  3:42  Drone x2  
  38  3:46  Zergling x4  
  42  3:49  Zergling x4  
  44  3:56  Roach x2  
  44  4:02  Roach x2  
  52  4:09  Overlord  
  52  4:14  Roach Warren  
  51  4:21  Overlord  
  59  4:31  Roach x4  
  59  4:39  Roach  
  59  4:42  Roach x2  
  59  4:43  Roach x2  
  69  4:50  Zergling x8  
  73  4:58  Drone x2  
  74  5:00  Overlord  
  74  5:01  Overlord  
  73  5:12  Overlord  
  73  5:23  Drone x9  
  82  5:31  Roach x3  
  82  5:34  Ravager  
  89  5:39  Drone  
  89  5:40  Drone  
  92  5:42  Drone  
  92  5:45  Roach  
  92  5:46  Roach  
  92  5:48  Zergling x4  
  98  5:52  Zergling x2  
  98  5:58  Overlord x2  
  98  6:04  Overlord  
  98  6:16  Roach x8  
  113  6:25  Roach x5  
Tags
 
Add a new tag
Caveats
  • Supply blocks, unpowered buildings, or Contaminate may cause inaccurate times.
  • Supply counts are checked every 10 seconds.